 Dungeon Crawl Stone Soup version 0.30-a0-823-geb93a13fce (webtiles) character file.

Game seed: 11318713931268665205

826 hikkokomori the Conjurer (level 7, -2/56 (58) HPs)
             Began as a Demigod Conjurer on Feb 27, 2023.
             Succumbed to a hornet's poison
             ... on level 5 of the Dungeon.
             The game lasted 00:10:02 (4643 turns).

hikkokomori the Conjurer (Demigod Conjurer)         Turns: 4643, Time: 00:10:02

HP:   -2/56 (58)    AC:  6    Str:  8    XL:     7   Next: 37%
MP:   2/13          EV: 11    Int: 28    God:
Gold: 89            SH:  0    Dex: 12    Spells: 3/10 levels left

rFire   . . .      SeeInvis .    c - +3 spear
rCold   . . .      Faith    .    (no shield)
rNeg    . . .      Spirit   .    A - +0 troll leather armour {Pargi}
rPois   .          Reflect  .    (no helmet)
rElec   .          Harm     .    j - +0 cloak
rCorr   .          Rampage  .    q - +0 pair of gloves
Will    .....                    (no boots)
Stlth   ++                       (no amulet)
HPRegen 1.09/turn                (no ring)
MPRegen 0.13/turn                (no ring)

@: lethally poisoned (-2 -> -9), hasted and slowed, lightly drained
A: high MP 1, forlorn, divine attributes
a: no special abilities


You were on level 5 of the Dungeon.
You visited 1 branch of the dungeon, and saw 5 of its levels.
You also visited: Sewer.

You collected 131 gold pieces.
You spent 42 gold pieces at shops.

Inventory:

Hand Weapons
 c - a +3 spear (weapon)
Missiles
 g - 5 silver boomerangs
 n - 2 atropa-tipped darts
Armour
 a - a +0 robe
 i - a +0 leather armour
 j - a +0 cloak (worn)
 q - a +0 pair of gloves (worn)
 A - a +0 troll leather armour (worn) {Pargi}
Jewellery
 t - a ring of willpower
Wands
 v - a wand of light (3)
Scrolls
 d - a scroll of butterflies {unknown}
 e - 4 scrolls of identify {unknown}
 f - a scroll of brand weapon {unknown}
 l - a scroll of poison {unknown}
 m - 3 scrolls of noise {unknown}
 o - 2 scrolls of teleportation
 r - 3 scrolls of immolation {unknown}
 y - a scroll of enchant armour {unknown}
 z - 2 scrolls of fear {unknown}
Potions
 b - 2 potions of magic
 h - a potion of lignification {unknown}
 k - a potion of flight {unknown}
 p - 3 potions of haste
 s - a potion of attraction {unknown}
 u - 2 potions of mutation {unknown}
 w - a potion of curing {unknown}
 x - a potion of brilliance {unknown}
 B - 2 potions of invisibility {unknown}
 C - a potion of cancellation {unknown}
 D - 2 potions of resistance {unknown}


   Skills:
 + Level 3.6 Fighting
 - Level 2.0 Dodging
 + Level 4.7 Stealth
 - Level 2.0 Spellcasting
 + Level 5.4 Conjurations
 + Level 3.0 Hexes


You had 3 spell levels left.
You knew the following spells:

 Your Spells              Type           Power      Damage    Failure   Level
a - Magic Dart            Conj           100%       1d8       1%          1
b - Searing Ray           Conj           66%        2d6       2%          2
c - Fulminant Prism       Conj/Hex       13%        3d8       22%         4

Your spell library contained the following spells:

 Spells                   Type           Power      Damage    Failure   Level
 Dazzling Flash           Conj/Hex       52%        N/A       7%          3
 Sting                    Tmut/Pois      8%         1d3       13%         1
 Poisonous Vapours        Pois/Air       4%         N/A       21%         2
 Iskenderun's Mystic Bla  Conj/Tloc      18%        2d6       41%         4
 Olgreb's Toxic Radiance  Pois           2%         N/A       78%         4


Dungeon Overview and Level Annotations

Branches:
Dungeon (5/15)             Temple (0/1) D:5           Sewer (visited)

Shops:
D:2 ((?=[   D:3 ?

Annotations:
D:3 1 runed translucent door, Crazy Yiuf


Innate Abilities, Weirdness & Mutations

You have an increased reservoir of magic. (+10% MP)
You shall have no god before yourself.
Your divine heritage dramatically boosts your attributes as you level up.


Message History

The hornet barely misses you. The hornet stings you.
You are poisoned.
You feel as though you will be slow longer.
A centaur comes into view.
You hear a shout! x2
The searing ray hits the hornet.
The hornet is almost dead.
You finish channelling your searing ray.
You feel very sick. The hornet misses you.
The centaur wields a +0 shortbow.
The centaur shoots an arrow.
The arrow hits you but does no damage. The hornet stings you.
You feel as though you will be slow longer.
The centaur shoots an arrow.
The arrow closely misses you. The orc closely misses you.
Casting: Searing Ray (safe; 2% risk of failure)
Confirm with . or Enter, or press ? or * to list all spells.
Aiming: Searing Ray (safe; 2% risk of failure)
Press: ? - help, Shift-Dir - straight line, f/p - hornet
Aim: a hornet (almost dead, 71% to hit)
The searing ray misses the hornet. (Press . to maintain the ray.)
You feel sick. The hornet barely misses you.
The centaur shoots an arrow.
The arrow hits you but does no damage. The hornet closely misses you.
The centaur shoots an arrow.
The arrow hits you! The orc barely misses you. The hornet misses you.
The searing ray misses the hornet.
You feel sick. The hornet stings you!
* * * LOW HITPOINT WARNING * * *
You are more poisoned.
You suddenly lose the ability to move!
The orc hits you from afar with a +0 trident.
* * * LOW HITPOINT WARNING * * *
The hornet stings you!
* * * LOW HITPOINT WARNING * * *
You feel as though you will be slow longer.
The orc hits you from afar with a +0 trident.
* * * LOW HITPOINT WARNING * * *
You can move again.
It was a potion of haste.
You feel yourself speed up.
You die...

.. #..# # ##'#####..####..
# ............... #
#.............
#......##..# ##.........#
# # ### #......##..###...
#.##.######............. .
........##..#..#@o#. ##...
#.##........#..#y.##......
..##...###..#....co.......
.##.....###...#.##(.......
...#.#####..#####!...##...
...#.## #>..# .....# o
......##....# y...#...
......##..#.[ ....##...#
.........# ....).. ####


You could see a hornet, a centaur and 2 orcs.

Vanquished Creatures
  Pargi (Sewer)
  A centaur (D:5)
  A phantom (D:5)
  A howler monkey (D:4)
  3 crimson imps (D:5)
  3 hounds
  A gnoll bouda (D:5)
  An orc priest (D:5)
  A jelly (D:4)
  2 iguanas (D:4)
  4 gnolls (D:5)
  7 adders
  A river rat (D:5)
  A white imp (D:5)
  2 worms (D:5)
  3 dart slugs
  6 orcs
  9 ball pythons
  4 endoplasms
  A giant cockroach (D:1)
  7 goblins
  6 hobgoblins
  5 jackals
  3 quokkas
  5 bats
  6 frilled lizards
  9 kobolds
  7 rats
101 creatures vanquished.

Vanquished Creatures (others)
  A fulminant prism (D:5)
  12 plants (D:5)
13 creatures vanquished.

Grand Total: 114 creatures vanquished

Notes
Turn   | Place    | Note
-------+----------+-------------------------------------------
     0 | D:1      | hikkokomori the Demigod Conjurer began the quest for the
                  | Orb.
     0 | D:1      | Reached XP level 1. HP: 14/14 MP: 5/5
   346 | D:1      | Reached XP level 2. HP: 12/20 MP: 7/7
   944 | D:2      | Found Usmusiw's Weapon Boutique.
   964 | D:2      | Found Paeptusi's Weapon Emporium.
  1016 | D:2      | Found Pevyunej's Jewellery Boutique.
  1023 | D:2      | Reached XP level 3. HP: 27/27 MP: 8/8
  1029 | D:2      | Found Emoleudgh's Armour Shop.
  1034 | D:2      | Found Jych's Magic Scroll Boutique.
  1092 | D:2      | Reached skill level 1 in Fighting
  1092 | D:2      | Reached skill level 4 in Conjurations
  1135 | D:2      | Learned a level 2 spell: Searing Ray
  1290 | D:2      | Reached XP level 4. HP: 35/35 MP: 6/9
  1326 | D:2      | Bought a scroll of teleportation for 42 gold pieces
  1331 | D:2      | Learned a level 4 spell: Fulminant Prism
  1956 | D:3      | Found Lodwa's Magic Scroll Shoppe.
  2329 | D:3      | Found a runed translucent door.
  2330 | D:3      | Noticed Crazy Yiuf
  2680 | D:4      | Reached XP level 5. HP: 37/41 MP: 6/10
  2754 | D:4      | Reached skill level 1 in Hexes
  3589 | D:5      | Entered Level 5 of the Dungeon
  3589 | D:5      | Found a glowing drain.
  3605 | Sewer    | Entered a sewer
  3704 | Sewer    | Noticed Pargi
  3721 | Sewer    | Killed Pargi
  3722 | Sewer    | Reached XP level 6. HP: 33/50 MP: 0/11
  4082 | D:5      | Reached skill level 5 in Conjurations
  4310 | D:5      | Found a staircase to the Ecumenical Temple.
  4342 | D:5      | Reached XP level 7. HP: 57/57 MP: 2/13
  4629 | D:5      | Noticed a hornet
  4642 | D:5      | Paralysed by a hornet for 1 turns
  4642 | D:5      | HP: 2/56 [orc/+0 trident (1)]
  4643 | D:5      | Succumbed to a hornet's poison

Illustrated notes

Levels and vault maps discovered:
D:1:      dpeg_arrival_three_same_balls, layout_loops_cross,
          shapermc_ecumenical_altar_starsandcircs
D:2:      cheibrodos_helix_gallery, layout_basic, serial_shops,
          nicolae_shop_waterfront, shop, nicolae_shop_window_shopping, shop,
          shop, basic_altar, minmay_misc_feat_plants
D:3:      layout_rooms, serial_shops, nicolae_shop_window_shopping,
          uniq_crazy_yiuf_cottage
D:4:      layout_loops_ring, kennysheep_little_box, okawaru_gym_becter
D:5:      layout_cave_pools, fedhas_altar_decomposition, trog_butcher_becter,
          led_xom_imps, minmay_temple_entry_crystal_x,
          cheibrodos_sewer_entry_sluice, serial_glass, glass_columns_a,
          glass_columns_a

Skill      XL: |  1  2  3  4  5  6  7 |
---------------+----------------------+-----
Dodging        | 2 |  2.0
Stealth        | 2 3 4 |  4.7
Spellcasting   | 2 |  2.0
Fighting       | 1 2 3 |  3.6
Conjurations   | 4 5 |  5.4
Hexes          | 1 2 3 |  3.0

Action                     |  1- 3 |  4- 6 |  7- 9 || total
---------------------------+-------+-------+-------++-------
  Melee: Spear             |    84 |    38 |    63 ||   185
         Punch             |     2 |       |     1 ||     3
  Throw: Dart              |       |       |     1 ||     1
   Cast: Magic Dart        |    24 |    92 |     3 ||   119
         Searing Ray       |       |    12 |     8 ||    20
         Fulminant Prism   |       |     1 |       ||     1
  Evoke: Wand              |       |     1 |     1 ||     2
    Use: Potion            |       |       |     1 ||     1
   Stab: Sleeping          |     8 |     3 |       ||    11
 Armour: Robe              |    12 |    12 |       ||    24
         Troll leather arm |       |     7 |    24 ||    31
  Dodge: Dodged            |    39 |    63 |    42 ||   144

Table legend: (Time is in decaauts)
 A = Elapsed time spent in this place.
 B = Non-inter-level travel time spent in this place.
 C = Inter-level travel time spent in this place.
 D = Time resting spent in this place.
 E = Time spent auto-exploring this place.
 F = Levels seen in this place.
 G = Mean time per level.
                   A        B        C        D        E       F      G
               +--------+--------+--------+--------+--------+-----+--------+
         Total |   4701 |   4592 |    109 |    221 |   3541 |   6 |  783.5 |
       Dungeon |   4263 |   4154 |    109 |    221 |   3197 |   5 |  852.6 |
         Sewer |    438 |    438 |      0 |      0 |    343 |   1 |  438.0 |
               +--------+--------+--------+--------+--------+-----+--------+

Top non-repeatable levels by time:
     D:4: 1314 daAuts
     D:1: 943 daAuts
     D:2: 859 daAuts
     D:3: 677 daAuts
     D:5: 468 daAuts
   Sewer: 438 daAuts
